 Dungeon Sprint DCSS version 0.23.2-30-g0e89c35 (webtiles) character file.

Game seed: 1624694939065837272

3500000 Fang the Conqueror (level 20, -38/236 HPs)
             Began as a Demonspawn Gladiator on June 7, 2019.
             Was a High Priest of Makhleb.
             Annihilated by a meat berserker
             ... wielding a +9 battleaxe
              (93 damage)
             ... in the Dungeon (Sprint VIII: "Arena of Blood").
             The game lasted 00:00:37 (35 turns).

Fang the Conqueror (Demonspawn Gladiator)             Turns: 35, Time: 00:00:38

Health: -38/236    AC:  9    Str: 21    XL:     20   Next: 11%
Magic:  20/40      EV: 31    Int: 12    God:    Makhleb [*****.]
Gold:   0          SH:  0    Dex: 15    Spells: 52/52 levels left

rFire    . . .     SeeInvis +   l - +∞ Axe of Woe
rCold    + + .     Gourm    .   (shield currently unavailable)
rNeg     . . .     Faith    .   b - +0 leather armour
rPois    .         Spirit   .   (helmet unavailable)
rElec    .         Reflect  .   (no cloak)
rCorr    .         Harm     .   (no gloves)
MR       +....     NoTele   +   (no boots)
Stlth    +++++++...             (no amulet)
HPRegen  8.49/turn              (no ring)
MPRegen  0.27/turn              (no ring)

@: no status effects
A: antennae 3, icy blue scales 3, cold resistance 1, powered by death 2, robust
2, freezing cloud immunity
a: Minor Destruction, Lesser Servant of Makhleb, Major Destruction, Greater
Servant of Makhleb, Renounce Religion


You were in the Dungeon.
You worshipped Makhleb.
Makhleb was extremely pleased with you.
You were not hungry.

You visited 1 branch

Inventory:

Hand Weapons
 a - a +0 war axe
 l - the +∞ Axe of Woe (weapon)
   (You found it in the Dungeon)
Missiles
 d - 3 throwing nets (quivered)
Armour
 b - a +0 leather armour (worn)
 c - a +0 helmet
Scrolls
 k - a scroll of blinking
Potions
 e - a potion of curing
 g - a potion of heal wounds
 h - a potion of haste
 i - 2 potions of magic
 j - a potion of berserk rage
Comestibles
 f - a ration


   Skills:
 O Level 27 Fighting
 O Level 27 Axes
 O Level 27 Throwing
 + Level 16.9 Armour
 O Level 27 Dodging
 + Level 18.2 Stealth
 + Level 16.9 Unarmed Combat
 + Level 16.9 Spellcasting
 + Level 22.5 Invocations


You had 52 spell levels left.
You didn't know any spells.
Your spell library was empty.

Dungeon Overview and Level Annotations

Branches:
Dungeon (1/1)

Altars:
Makhleb


Innate Abilities, Weirdness & Mutations

You have a pair of large antennae on your head. (SInv)
You are completely covered in icy blue scales. (AC +4, rC+)
Your flesh is cold resistant. (rC+)
You regenerate health from kills.
You are very robust. (+20% HP)
You are immune to freezing clouds.


Message History

You hear a shout!
A bag of meat comes into view. It is wielding a +9 war axe.
A meat berserker comes into view. It is wielding a +9 battleaxe.
A bag of meat comes into view. It is wielding a +9 war axe.
You hear a shout!
The bag of meat shouts! x2
An orc, 2 ogres and a skeletal warrior come into view.
The meat berserker shouts! x2; You hear a shout! x7
A meat berserker comes into view. It is wielding a +9 battleaxe.
The meat berserker rages.
You hear a shout!
The destroyer hits you with a +9 great sword of slicing!!!!!
Ouch! That really hurt!
* * * LOW HITPOINT WARNING * * *
x2 The destroyer bites you.
* * * LOW HITPOINT WARNING * * *
The destroyer draws strength from your injuries!
The destroyer blinks!
You hear a shout!
The meat berserker hits you with a +9 battleaxe!!!!
You die...

..... .. O... #...
.# .#o§o #... ..#
.OO..###... ..###.
......§...###......
..#......§☼§......
#......o#☼§○..#
......VO#_§<._#
#....O.@#)))..#..
..#...O.).._......
.z........###......
.....###.).....###.
o.o.. #..V....#{
..O. #...ooO.# ...
........o. .#.
........O..
......oo.o.


You could see 2 destroyers, a sculptor of flesh (wandering), a large bag of meat
(inner flame), 8 meat berserkers and 7 bags of meat.

Vanquished Creatures
  4 ogres (D)
  A two-headed ogre (D)
  16 orcs (D)
21 creatures vanquished.

Notes
Turn   | Place    | Note
-------+----------+-------------------------------------------
     0 | D        | Found the +∞ Axe of Woe
     0 | D        | Fang the Demonspawn Gladiator began the quest for the Orb.
     0 | D        | Reached XP level 1. HP: 16/16 MP: 1/1
     1 | D        | Noticed a bag of meat
     4 | D        | Became a worshipper of Makhleb the Destroyer
     5 | D        | Noticed a bag of meat
     5 | D        | Noticed a bag of meat
     5 | D        | Noticed a bag of meat
     5 | D        | Noticed a meat berserker
     7 | D        | Noticed a bag of meat
     7 | D        | Noticed a bag of meat
     7 | D        | Noticed a bag of meat
     7 | D        | Noticed a meat berserker
     7 | D        | Noticed a bag of meat
    10 | D        | Killed a bag of meat
    10 | D        | Gained mutation: You are partially covered in icy blue
                  | scales. (AC +2) [demonic ancestry]
    10 | D        | Reached XP level 2. HP: 43/43 MP: 2/2
    10 | D        | Gained mutation: You are mostly covered in icy blue scales.
                  | (AC +3) [demonic ancestry]
    10 | D        | Reached XP level 3. HP: 49/49 MP: 3/3
    10 | D        | Reached XP level 4. HP: 56/56 MP: 4/4
    10 | D        | Reached XP level 5. HP: 62/62 MP: 5/5
    10 | D        | Gained mutation: You have a pair of small antennae on your
                  | head. [demonic ancestry]
    10 | D        | Reached XP level 6. HP: 69/69 MP: 6/6
    10 | D        | Gained mutation: You regenerate a little health from kills.
                  | [demonic ancestry]
    10 | D        | Reached XP level 7. HP: 75/75 MP: 7/7
    10 | D        | Gained mutation: Your flesh is cold resistant. (rC+)
                  | [demonic ancestry]
    10 | D        | Reached XP level 8. HP: 82/82 MP: 8/8
    10 | D        | Reached XP level 9. HP: 88/88 MP: 9/9
    10 | D        | Reached XP level 10. HP: 95/95 MP: 10/10
    10 | D        | Gained mutation: You are immune to freezing clouds.
                  | [demonic ancestry]
    10 | D        | Reached XP level 11. HP: 101/101 MP: 11/11
    10 | D        | Noticed a bag of meat
    10 | D        | Noticed a bag of meat
    11 | D        | Killed a meat berserker
    11 | D        | Reached * piety under Makhleb
    11 | D        | Gained mutation: You regenerate health from kills. [demonic
                  | ancestry]
    11 | D        | Reached XP level 12. HP: 47/116 MP: 12/12
    11 | D        | Reached XP level 13. HP: 50/122 MP: 13/13
    11 | D        | Killed a bag of meat
    11 | D        | Gained mutation: You have a pair of antennae on your head.
                  | [demonic ancestry]
    11 | D        | Reached XP level 14. HP: 90/133 MP: 14/14
    11 | D        | Noticed a bag of meat
    12 | D        | Killed a bag of meat
    12 | D        | Killed a meat berserker
    12 | D        | Reached ** piety under Makhleb
    12 | D        | Gained mutation: You have a pair of large antennae on your
                  | head. (SInv) [demonic ancestry]
    12 | D        | Reached XP level 15. HP: 43/146 MP: 15/15
    13 | D        | Gained mutation: You are completely covered in icy blue
                  | scales. (AC +4, rC+) [demonic ancestry]
    13 | D        | Reached XP level 16. HP: 49/157 MP: 16/16
    13 | D        | Reached *** piety under Makhleb
    15 | D        | Gained mutation: You are robust. (+10% HP) [demonic
                  | ancestry]
    15 | D        | Reached XP level 17. HP: 152/185 MP: 17/17
    16 | D        | Reached **** piety under Makhleb
    18 | D        | Noticed a meat berserker
    18 | D        | Noticed a meat berserker
    19 | D        | Reached skill level 27 in Fighting
    23 | D        | Killed a meat berserker
    23 | D        | Reached skill level 27 in Axes
    23 | D        | Reached XP level 18. HP: 200/200 MP: 18/18
    24 | D        | Noticed a large bag of meat
    25 | D        | Killed a large bag of meat
    25 | D        | Reached skill level 27 in Throwing
    25 | D        | Reached skill level 27 in Dodging
    25 | D        | Reached ***** piety under Makhleb
    25 | D        | Reached skill level 10 in Armour
    25 | D        | Reached skill level 10 in Unarmed Combat
    25 | D        | Reached skill level 10 in Spellcasting
    25 | D        | Gained mutation: You are very robust. (+20% HP) [demonic
                  | ancestry]
    25 | D        | Reached XP level 19. HP: 190/226 MP: 18/33
    25 | D        | Reached skill level 15 in Invocations
    26 | D        | Killed a meat berserker
    26 | D        | Reached skill level 15 in Stealth
    28 | D        | Reached skill level 15 in Armour
    28 | D        | Reached skill level 15 in Unarmed Combat
    28 | D        | Reached skill level 15 in Spellcasting
    30 | D        | Noticed a meat berserker
    31 | D        | Noticed a destroyer
    31 | D        | Noticed a destroyer
    31 | D        | Noticed a meat berserker
    32 | D        | Noticed a meat berserker
    33 | D        | Noticed a large bag of meat
    33 | D        | Noticed a meat berserker
    34 | D        | Reached XP level 20. HP: 221/236 MP: 19/40
    34 | D        | Noticed a meat berserker
    35 | D        | Noticed a meat berserker
    35 | D        | Noticed a meat berserker
    35 | D        | Noticed a meat berserker
    35 | D        | Annihilated by a meat berserker

Skill      XL: |  1  2  3  4  5  6  7  8  9 10 11 12 13 14 15 16 17 18 19 |
---------------+----------------------------------------------------------+-----
Fighting       | 14 18 19 22 23 25 27 | 27.0
Axes           | 13 17 18 20 22 23 27 | 27.0
Throwing       | 13 16 18 20 21 23 26 27 | 27.0
Dodging        | 13 17 18 20 22 23 26 27 | 27.0
Armour         | 10 16 | 16.9
Stealth        | 11 18 | 18.2
Unarmed Combat | 10 16 | 16.9
Spellcasting   | 10 16 | 16.9
Invocations    | 14 22 | 22.5

Action                   |  1- 3 |  4- 6 |  7- 9 | 10-12 | 13-15 | 16-18 | 19-21 || total
-------------------------+-------+-------+-------+-------+-------+-------+-------++-------
Melee: Executioner's axe |     1 |       |       |     1 |     2 |     6 |     4 ||    14
Dodge: Dodged            |       |       |       |       |       |     1 |       ||     1
